 Dungeon Crawl Stone Soup version 0.31-a0-963-ga325b2283a (webtiles) character file.

Game seed: 6261377832583162901

4352 Arcadio the Frost Mage (level 10, 0/69 HPs)
             Began as a Ghoul Ice Elementalist on Oct 24, 2023.
             Was a Believer of Makhleb.
             Slain by a komodo dragon (11 damage)
             ... on level 8 of the Dungeon.
             The game lasted 00:23:35 (9839 turns).

Arcadio the Frost Mage (Ghoul Ice Elementalist)     Turns: 9839, Time: 00:23:36

Health: 0/69       AC: 11    Str: 13    XL:     10   Next: 34%
Magic:  12/19      EV: 14    Int: 14    God:    Makhleb [**....]
Gold:   392        SH:  0    Dex:  9    Spells: 12/23 levels left

rFire   + . .        g - +8 rapier of the Exiled Blessings {elec, rF+}
rCold   + . .        (no shield)
rNeg    + + +        a - +0 robe
rPois   ∞            (no helmet)
rElec   .            A - +0 cloak
rCorr   .            (no gloves)
SInv    .            p - +0 pair of boots
Will    .....        F - amulet of the acrobat
Stlth   ++           (no ring)
HPRegen 0.00/turn    (no ring)
MPRegen 0.16/turn

%: acrobat
@: ice-armoured, freezing walls, inhibited regen
A: claws 1, cold resistance 1, negative energy resistance 3, inhibited
regeneration, torment resistance 2, devour on kill
a: Renounce Religion, Minor Destruction


You were on level 8 of the Dungeon.
You worshipped Makhleb.
Makhleb was pleased with you.
You visited 2 branches of the dungeon, and saw 10 of its levels.

You collected 502 gold pieces.
You spent 110 gold pieces at shops.

Inventory:

Hand Weapons
 c - a +0 dagger
 g - the +8 rapier of the Exiled Blessings (weapon) {elec, rF+}
   (You acquired it on level 3 of the Dungeon)

   rF+:       It protects you from fire.
 E - the +6 falchion "Yrearuca" {drain, Stlth+}
   (You found it on level 6 of the Dungeon)

   Stlth+:    It makes you more stealthy.
 G - a +0 broad axe
Armour
 a - a +0 robe (worn)
 p - a +0 pair of boots (worn)
 q - a +0 leather armour of positive energy
 A - a +0 cloak (worn)
 B - a +0 helmet
Jewellery
 d - a ring of fire
 F - an amulet of the acrobat (around neck)
Scrolls
 e - 2 scrolls of blinking
 h - 6 scrolls of enchant armour
 i - 2 scrolls of noise
 j - a scroll of poison
 m - a scroll of fear {unknown}
 n - a scroll of revelation {unknown}
 r - 3 scrolls of identify
 t - 3 scrolls of amnesia {unknown}
 u - 4 scrolls of teleportation {unknown}
 v - 3 scrolls of fog {unknown}
 y - a scroll of vulnerability {unknown}
 D - a scroll of immolation {unknown}
Potions
 b - a potion of magic
 f - 3 potions of haste
 k - 2 potions of berserk rage
 l - 2 potions of brilliance
 o - 2 potions of heal wounds
 s - 3 potions of curing
 w - a potion of resistance {unknown}
 x - 2 potions of might {unknown}
 C - 2 potions of attraction
 H - a potion of degeneration {unknown}
Miscellaneous
 z - a box of beasts (inert)


   Skills:
 + Level 8.0 Dodging
 - Level 2.1 Stealth
 + Level 7.2 Spellcasting
 + Level 2.3 Summonings
 + Level 10.1 Ice Magic


You had 12 spell levels left.
You knew the following spells:

 Your Spells              Type           Power      Damage    Failure   Level
a - Freeze                Ice            100%       1d10      1%          1
b - Frozen Ramparts       Ice            66%        1d10      1%          3
c - Ozocubu's Armour      Ice            33%        N/A       1%          3
d - Summon Ice Beast      Ice/Summ       22%        N/A       11%         4

Your spell library contained the following spells:

 Spells                   Type           Power      Damage    Failure   Level
 Scorch                   Fire           10%        2d5       22%         2
 Dazzling Flash           Conj/Hex       10%        N/A       38%         3
 Inner Flame              Hex/Fire       5%         N/A       38%         3
 Volatile Blastmotes      Fire/Tloc      10%        2d10      38%         3
 Flame Wave               Conj/Fire      5%         2d5       80%         4
 Fulminant Prism          Conj/Hex       2%         3d5       80%         4
 Iskenderun's Mystic Bla  Conj/Tloc      5%         2d3       80%         4
 Manifold Assault         Tloc           5%         N/A       80%         4
 Sticky Flame             Conj/Fire      5%         2d3       80%         4
 Starburst                Conj/Fire      2%         6d3       100%        6
 Summon Cactus Giant      Summ           5%         N/A       100%        6
 Disjunction              Tloc           2%         N/A       100%        8
 Maxwell's Capacitive Co  Air            2%         ∞         100%        8


Dungeon Overview and Level Annotations

Branches:
Dungeon (9/15) Zot: 25070  Temple (1/1) D:7 Zot: 5998
   Lair: D:8-11         Orc: D:9-12

Altars:
Ashenzari
Cheibriados
Dithmenos
Fedhas
Gozag
Hepliaklqana
Kikubaaqudgha
Makhleb
Nemelex Xobeh
Okawaru
Qazlal
Ru
Sif Muna
Trog
Uskayaw
Vehumet
Xom
Yredelemnul

Shops:
D:4 !


Innate Abilities, Weirdness & Mutations

You are immune to poison.
You have sharp fingernails.
Your flesh is cold resistant. (rC+)
You are immune to negative energy. (rN+++)
You do not regenerate when monsters are visible.
You are immune to unholy pain and torment.
You thrive by killing the living.


Message History

You open the lid... ...and a larval weirdox beast leaps out!
The box is emptied!
The wall freezes the komodo dragon but does no damage.
You puncture the komodo dragon!
The komodo dragon is lightly wounded.
The wall freezes the komodo dragon.
The komodo dragon hisses menacingly.
The komodo dragon bites you!
You hit the komodo dragon but do no damage.
Lightning courses through the komodo dragon!
The komodo dragon is heavily wounded.
The wall freezes the komodo dragon!
The komodo dragon bites you!
You closely miss the komodo dragon.
The komodo dragon is severely wounded.
The wall freezes the komodo dragon but does no damage.
The komodo dragon bites you!!
* * * LOW HITPOINT WARNING * * *
The wall freezes the komodo dragon but does no damage.
The komodo dragon bites you but does no damage.
Casting: Frozen Ramparts (safe; 1% risk of failure)
Confirm with . or Enter, or press ? or * to list all spells.
Aiming: Freeze (safe; 1% risk of failure)
Press: ? - help, Shift-Dir - straight line, f - komodo dragon
Aim: a komodo dragon (severely wounded, ally target)
You freeze the komodo dragon.
The komodo dragon is severely wounded.
The komodo dragon seems to slow down.
Unknown command.
Casting: Freeze (safe; 1% risk of failure)
Confirm with . or Enter, or press ? or * to list all spells.
Aiming: Freeze (safe; 1% risk of failure)
Press: ? - help, Shift-Dir - straight line, f/p - komodo dragon
Aim: a komodo dragon (severely wounded, slow, ally target)
You freeze the komodo dragon!
The komodo dragon is almost dead.
The wall freezes the komodo dragon but does no damage.
The komodo dragon hisses menacingly.
The komodo dragon bites you!
You die...

#### #####
################# . .. ##
##### ...#..
#######†..####
......##### ##
#.##...###....
..........####.###..####
#.### #....†...###.....#
### #.#.###...l@H...### #
#########.# ##### ####
################### ....#
#..####..................
....#
#..........#..#.#####....
....# ##.####....#..#.#
#.... ....# #.#
#.#..#..#.######### ....#
#.# #.#.....#..........
#.###
#.####.#.......#.#######


You could see a komodo dragon (slow, ally target) and a friendly larval weirdox
beast (summoned).

Vanquished Creatures
  A komodo dragon (D:8)
  2 hornets
  Sigmund (D:3)
  A wyvern (D:8)
  4 water moccasins
  An orc warrior (D:7)
  2 black bears
  An ice beast (D:5)
  5 ogres
  3 centaurs
  2 phantoms (D:5)
  3 kobold brigands
  2 bullfrogs
  Blork the orc (D:5)
  2 scorpions (D:5)
  5 killer bees (D:8)
  2 howler monkeys
  A crimson imp (D:3)
  A hound (D:5)
  3 jellies
  Crazy Yiuf (D:5)
  4 orc priests
  2 sleepcaps
  A gnoll bouda (D:5)
  2 iguanas (D:5)
  2 orc wizards
  15 gnolls
  9 adders
  A shadow imp (D:6)
  2 white imps
  An ufetubus (D:5)
  3 worms
  2 dart slugs
  21 orcs
  3 ball pythons
  3 bats
  7 endoplasms
  6 goblins
  8 hobgoblins
  6 quokkas
  3 frilled lizards
  12 kobolds
  A rat (D:2)
158 creatures vanquished.

Vanquished Creatures (collateral kills)
  A gnoll sergeant (D:7)
  A gnoll bouda (D:6)
  5 gnolls
7 creatures vanquished.

Grand Total: 165 creatures vanquished

Notes
Turn   | Place    | Note
-------+----------+-------------------------------------------
     0 | D:1      | Arcadio the Ghoul Ice Elementalist began the quest for the
                  | Orb.
     0 | D:1      | Reached XP level 1. HP: 14/14 MP: 2/2
   220 | D:1      | Reached XP level 2. HP: 20/20 MP: 0/4
   540 | D:1      | Found a faded altar of an unknown god.
  1034 | D:2      | Reached XP level 3. HP: 20/26 MP: 0/5
  1665 | D:2      | Learned a level 3 spell: Frozen Ramparts
  1776 | D:2      | Reached skill level 5 in Ice Magic
  1776 | D:2      | Reached XP level 4. HP: 31/33 MP: 2/6
  2095 | D:3      | Identified a scroll of acquirement
  2096 | D:3      | Acquired the +8 rapier of the Exiled Blessings {elec, rF+}
  2345 | D:3      | Noticed Sigmund
  2584 | D:3      | Killed Sigmund
  2585 | D:3      | Reached XP level 5. HP: 12/38 MP: 4/8
  2585 | D:3      | Reached XP level 6. HP: 14/45 MP: 4/9
  2828 | D:3      | Found a shimmering altar of Xom.
  2828 | D:3      | Found a burning altar of Makhleb.
  2837 | D:3      | Became a worshipper of Makhleb the Destroyer
  3089 | D:3      | Found an ancient bone altar of Kikubaaqudgha.
  3228 | D:4      | Found Ahammi's Distillery.
  3241 | D:4      | Bought 2 potions of heal wounds for 110 gold pieces
  3474 | D:4      | Found a broken altar of Ashenzari.
  3476 | D:4      | Found an iron altar of Okawaru.
  4029 | D:5      | Identified the "Byj Zoh"
  4029 | D:5      | Entered Level 5 of the Dungeon
  4057 | D:5      | Reached skill level 6 in Ice Magic
  4177 | D:5      | HP: 1/45 [gnoll bouda/+0 club (12)]
  4371 | D:4      | Learned a level 3 spell: Ozocubu's Armour
  4376 | D:4      | Learned a level 4 spell: Summon Ice Beast
  4448 | D:5      | Reached XP level 7. HP: 35/50 MP: 7/11
  4560 | D:5      | Found a stormy altar of Qazlal.
  4577 | D:5      | Found a blossoming altar of Fedhas.
  4671 | D:5      | Found a runed translucent door.
  4672 | D:5      | Noticed Crazy Yiuf
  4940 | D:5      | Noticed Blork the orc
  4950 | D:5      | Killed Blork the orc
  5306 | D:5      | Reached skill level 7 in Ice Magic
  5306 | D:5      | Reached XP level 8. HP: 56/57 MP: 9/13
  5332 | D:5      | Reached skill level 5 in Dodging
  5388 | D:5      | Reached * piety under Makhleb
  5488 | D:5      | Reached skill level 5 in Spellcasting
  5651 | D:5      | Reached skill level 8 in Ice Magic
  5946 | D:5      | Noticed a hornet
  5954 | D:5      | Killed a hornet
  5955 | D:5      | Reached XP level 9. HP: 44/62 MP: 10/16
  6272 | D:5      | Killed Crazy Yiuf
  6795 | D:6      | Reached ** piety under Makhleb
  7021 | D:6      | Reached skill level 9 in Ice Magic
  7084 | D:6      | Identified the +6 falchion "Yrearuca" {drain, Stlth+}
  7841 | D:7      | You fall into a shaft and drop 2 floors!
  8384 | D:7      | Found a staircase to the Ecumenical Temple.
  8393 | Temple   | Entered the Ecumenical Temple
  8707 | D:8      | Noticed a hornet
  8714 | D:7      | Reached XP level 10. HP: 37/69 MP: 12/19
  8716 | D:7      | Reached skill level 1 in Summonings
  9005 | D:8      | Reached skill level 10 in Ice Magic
  9570 | D:8      | HP: 1/69 [komodo dragon (20)]
  9839 | D:8      | Slain by a komodo dragon

Illustrated notes

Levels and vault maps discovered:
D:1:      matt_arrival_diagonals, layout_basic,
          shapermc_ecumenical_altar_mp_ritualfount
D:2:      layout_loops_corners, basic_altar, kennysheep_pointless_box
D:3:      layout_basic, grunt_temple_overflow_champion_of_chaos,
          lemuel_round_altar, cheibrodos_sewer_entry_bend, uniq_sigmund
D:4:      layout_loops_ring, chequers_temple_overflow_statue_of_worship,
          serial_shops, shop, serial_co_window_serial, co_window_paths_b,
          co_window_of_opportunity_a, co_window_paths_a, co_window_cross_1,
          co_window_of_opportunity_a, co_window_broadway_b,
          co_window_broadway_a, co_window_2corner, glass_columns_a,
          glass_columns_b, glass_columns_a, glass_columns_b, glass_columns_b
D:5:      kennysheep_windowed_halls, layout_basic,
          grunt_temple_overflow_forces_of_nature, uniq_blork_the_orc,
          uniq_crazy_yiuf_cottage
D:6:      layout_basic
D:7:      layout_rooms, mainiacjoe_overflow_concentric_impassable,
          minmay_temple_entry_antechambers, serial_rivers,
          chequers_serial_rivers_micro_e, chequers_serial_rivers_micro_a,
          chequers_serial_rivers_small_b, chequers_serial_rivers_room_a,
          chequers_serial_rivers_large_a, chequers_serial_rivers_micro_b
D:8:      layout_basic, erik_lair_dragon, minivault_4, st_stairs_9
D:9:      layout_grid_maze, nicolae_overflow_hidden_temple, serial_shops,
          shop_coins, amethyst_killhole
Temple:   cyrus_circular_temple

Skill      XL: |  1  2  3  4  5  6  7  8  9 10 |
---------------+-------------------------------+-----
Dodging        | 2 3 4 6 7 8 |  8.0
Spellcasting   | 2 3 4 5 6 7 |  7.2
Ice Magic      | 5 6 7 8 9 10 | 10.1
Summonings     | 2 |  2.3
Stealth        | |  2.1

Action                     |  1- 3 |  4- 6 |  7- 9 | 10-12 || total
---------------------------+-------+-------+-------+-------++-------
  Melee: Unarmed           |    33 |       |       |       ||    33
         Rapier            |       |    93 |   163 |    39 ||   295
         Punch             |       |     1 |     3 |       ||     4
   Cast: Freeze            |    47 |     1 |     2 |     7 ||    57
         Frozen Ramparts   |       |     8 |    32 |     5 ||    45
         Ozocubu's Armour  |       |       |    10 |     3 ||    13
         Summon Ice Beast  |       |       |     1 |       ||     1
 Invoke: Minor Destruction |       |       |    16 |       ||    16
  Evoke: Box of beasts     |       |       |     1 |     1 ||     2
    Use: Scroll            |       |     6 |     2 |     1 ||     9
         Potion            |       |     5 |       |     1 ||     6
   Stab: Sleeping          |     1 |     1 |     1 |     1 ||     4
         Distracted        |       |     1 |       |       ||     1
 Armour: Robe              |    24 |    53 |   136 |    39 ||   252
  Dodge: Dodged            |    42 |    57 |   181 |    30 ||   310

Table legend: (Time is in decaauts)
 A = Elapsed time spent in this place.
 B = Non-inter-level travel time spent in this place.
 C = Inter-level travel time spent in this place.
 D = Time resting spent in this place.
 E = Time spent auto-exploring this place.
 F = Levels seen in this place.
 G = Mean time per level.
                   A        B        C        D        E       F      G
               +--------+--------+--------+--------+--------+-----+--------+
         Total |   9925 |   9740 |    185 |    211 |   7787 |  10 |  992.5 |
       Dungeon |   9924 |   9739 |    185 |    211 |   7787 |   9 | 1102.7 |
        Temple |      1 |      1 |      0 |      0 |      0 |   1 |    1.0 |
               +--------+--------+--------+--------+--------+-----+--------+

Top non-repeatable levels by time:
     D:5: 2288 daAuts
     D:6: 1353 daAuts
     D:2: 1120 daAuts
     D:3: 1099 daAuts
     D:8: 1090 daAuts
     D:7: 1002 daAuts
     D:1: 973 daAuts
     D:4: 897 daAuts
     D:9: 97 daAuts
  Temple: 1 daAuts
